Croesus, chaotic female elven Ranger -------------- -------------- |..<.........| |............| |............-# # |............-# |............|# ##.............|# |............|# ##|.......`....| |.............##* ### .------.------ ---------+-.--## # # # d # # ### # #*# # -.------#@# # # ###############-......|q * # ##### ## * |......|q #### ---------- # #### # |.......# # |........| ##### ########## # |%.....|######## ## |........| -------.---- #### ----|. ##.......|# -.--|--- |........| |..........+########...|.. # ##.--.----# |......| #-........| |..........|### # |.....############### |...%..| ##%|......(.| |.......>..-# # |....|# # |......| # |........| |..........| ###|.....### |......-######## ---------- ------------ #-....| -----|-- [ ------ # Croesus the Lookout Experience level: 5 Strength: 14 Dexterity: 11 Constitution: 15 Intelligence: 14 Wisdom: 14 Charisma: 7 Health: 0(25) Energy: 24(24) Def: 6 Gold: 485 Moves: 2326 Dungeon seed: sOPshYr-xLLBjqME Game ID: Croesus_1559417482 Your Inventory: Weapons a - an uncursed +1 elven dagger (weapon in hand) b - an uncursed +1 elven bow (alternate weapon; not wielded) c - 54 uncursed +2 elven arrows d - 19 uncursed +0 elven arrows (in quiver) k - an uncursed +0 orcish dagger u - a cursed -1 dagger A - an uncursed +1 bow Armor e - an uncursed +2 elven cloak (being worn) n - an uncursed +0 orcish helm r - an uncursed +0 pair of elven boots y - an uncursed +0 orcish helm Y - an uncursed +0 studded leather armor (being worn) Comestibles f - 4 uncursed lembas wafers i - an uncursed mango m - an uncursed partly eaten food ration D - an uncursed lichen corpse Scrolls o - an uncursed scroll of confuse monster p - an uncursed scroll of remove curse s - a blessed scroll of identify w - a blessed scroll of punishment x - an uncursed scroll of gold detection Rings h - an uncursed ring of protection from shape changers j - an uncursed ring of levitation v - an uncursed ring of warning Wands g - an uncursed wand of undead turning (0:6) Tools l - a blessed magic lamp (lit) B - an uncursed +0 pick-axe Gems q - an uncursed worthless piece of yellow glass z - an uncursed obsidian stone N - 2 uncursed worthless pieces of orange glass Coins $ - 485 gold pieces Spells and supernatural/magical abilities: Name Level Category Cost Memory W - pray for help -- divine ? -- Your skills at the end: Fighting Skills wands [Basic] Weapon Skills dagger [Basic] bow [Basic] Spellcasting Skills Final Attributes: You were piously aligned. You were immune to sleep. You saw invisible. You had automatic searching. You had infravision. You were stealthy. Mars was noncommittal. You are dead. Vanquished creatures: a leprechaun 2 rock moles a dwarf a giant bat 2 dwarf zombies 3 iguanas 2 gas spores a hobbit 2 giant rats 3 cave spiders a brown mold a red mold a gnome 2 geckos 5 jackals 3 foxes 2 goblins 2 sewer rats 5 grid bugs 5 lichens 5 newts 50 creatures vanquished. Voluntary challenges: You were an atheist. You used a wielded weapon 46 times, starting on turn 33. You read items or engraved 1 time, starting on turn 1442. You never genocided any monsters. You never polymorphed an object. You never changed form. You used no wishes. You never split a pudding. You never wrote Elbereth's name. You never violated your personal moral code. Dungeon overview: The Dungeons of Doom: levels 1 to 6 Level 1 a fountain a long staircase Level 2 a general store Level 3 a fountain, a sink a long staircase Level 4 Level 5 <- You were here Level 6 a fountain History has recorded: On T:1 you entered the Dungeons of Doom to retrieve the Amulet of Yendor! On T:56 you reached level 2 of The Dungeons of Doom. On T:494 you advanced to experience level 2. On T:502 you reached level 3 of The Dungeons of Doom. On T:1204 you reached level 4 of The Dungeons of Doom. On T:1261 you advanced to experience level 3. On T:1789 you reached level 5 of The Dungeons of Doom. On T:1821 you reached level 6 of The Dungeons of Doom. On T:1838 you advanced to experience level 4. On T:2183 you advanced to experience level 5. Score breakdown: Gold: 485 ( 9139 points) Experience: 5 levels (11141 points) Exploration: 6 levels ( 12.24%) ( 9682 points) Discoveries: 1 item ( 0.34%) ( 1746 points) Valuables value: (no points given unless you survive) Artifact value: 0 ( 0 points) Variety of kills: 21 monsters ( 5.53%) ( 7052 points) Turncount: 2326 turns ( -224 points) Survival: died (score multiplied by 80%) Total score: 30828 Latest messages: You see here a +0 leather armor. You see here 6 rocks. You see here 9 rocks. (2x) The door resists! (2x) The door opens. Nowhere else around here can be automatically explored. (3x) Where do you want to travel to? You stop. Sirius is in the way! Where do you want to travel to? You displace Sirius. You stop travelling. You are now wielding your elven dagger. b - an uncursed +1 elven bow (alternate weapon; not wielded). You miss the rothe. The rothe hits! The rothe bites! The rothe misses. You hit the rothe. The rothe hits! The rothe bites! (2x) You miss the rothe. The rothe hits! The rothe bites! (2x) You die... Final status: Goodbye Croesus the Ranger, killed by a rothe... You died in The Dungeons of Doom on dungeon level 5 with 30828 points, and 485 pieces of gold, after 2326 moves. You were level 5 with a maximum of 25 hit points when you died.